cohdb
Replays
Latest Replays
All Replays
Popular Replays
Top Player Replays
Match Explorer
How It Works
Community
CoH3 Stats
Reddit
Sign in to upload your games and track your stats! →
Sign in with Steam
Match 27550277
Unlisted
Match 27550277
Overview
Messages
Build Orders
End
Panzergrenadier Squad
Panzergrenadier Squad
250 Light Carrier
Construct Light Support Kompanie
Assault Grenadier Squad
Selects Armored Support Battlegroup
Selects Salvage Kits
Fire Support Elements
Panzerjäger Mechanized Group
2.5-tonne Medical Truck
Flakvierling Half-track
Selects Panzer Storm
Construct Panzerarmee Kommand
Selects Veteran Gunners
Panzer III L Medium Tank
le.IG 18 Mechanized Group
Selects Stuka Anti-tank Loiter
MMMMMMMMMMMM
RunningWithFate
0
0
Comments
sign in to comment!
No comments posted yet!